 Dungeon Crawl Stone Soup version 0.20.0-10-g0535bb4 (webtiles) character file.

93513 Jmtistic the Severer (level 15, -22/178 HPs)
             Began as a Minotaur Berserker on June 7, 2017.
             Was a High Priest of Trog.
             Killed from afar by Nikola (34 damage)
             ... with a chain lightning
             ... on level 1 of the Elven Halls.
             The game lasted 02:47:22 (25274 turns).

Jmtistic the Severer (Minotaur Berserker)          Turns: 25274, Time: 02:47:22

Health: -22/178    AC: 30    Str: 38 (39) XL:     15   Next: 60%
Magic:  5/5        EV:  9    Int:  7      God:    Trog [*****.]
Gold:   1796       SH: 17    Dex: 12      Spells: 14/14 levels left

rFire    . . .     SeeInvis .   a - +7 broad axe (antimagic)
rCold    . . .     Gourm    .   M - +4 shield of Classification {MR+ Str+2 Int+3}
rNeg     . . .     Faith    .   L - +0 plate armour
rPois    .         Spirit   .   H - +0 hat
rElec    .         Reflect  .   i - +0 cloak
rCorr    .         Harm     .   v - +2 pair of gloves {Dex+3}
MR       ++++.                  f - +2 pair of boots {Fly}
Stlth    ..........             (no amulet)
Regen    1.4/turn               K - +3 ring of strength
MPRegen  0.1/turn               O - +6 ring of protection

@: berserking, flying, regenerating, very quick
A: retaliatory headbutt, horns 2, deterioration 1, frail 1
a: Berserk, Trog's Hand, Brothers in Arms, Burn Spellbooks, Renounce Religion,
Stop Flying


You were on level 1 of the Elven Halls.
You worshipped Trog.
Trog was extremely pleased with you.
You were not hungry.

You visited 4 branches of the dungeon, and saw 20 of its levels.
You also visited: Labyrinth and Bailey.

You collected 2409 gold pieces.
You spent 613 gold pieces at shops.

Inventory:

Hand Weapons
 a - a +7 antimagic broad axe (weapon)
 b - a +9 demon trident
 W - the +6 great sword of Pibyenwi {drain, rF+ rN+ Str+3}
   (Trog gifted it to you on level 10 of the Dungeon)

   A truly terrible weapon, it drains the life of those it strikes.
   It affects your strength (+3).
   It protects you from fire.
   It protects you from negative energy.
Armour
 f - a +2 pair of boots of flying (worn)
 i - a +0 cloak (worn)
 v - a +2 pair of gloves of dexterity (worn)
 H - a +0 hat (worn)
 L - a +0 plate armour (worn)
 M - the +4 shield of Classification (worn) {MR+ Str+2 Int+3}
   (You acquired it on level 4 of the Lair of Beasts)

   It affects your strength (+2).
   It affects your intelligence (+3).
   It affects your resistance to hostile enchantments.
Jewellery
 K - a +3 ring of strength (left hand)
 O - a +6 ring of protection (right hand)
Wands
 j - a wand of lightning (9/15)
 y - a wand of paralysis (14/24)
 A - a wand of iceblast (10/15)
 C - a wand of polymorph (11/24)
 E - a wand of flame (43/48)
Scrolls
 g - 14 scrolls of teleportation
 k - a scroll of enchant armour
 l - 5 scrolls of identify
 m - 2 scrolls of immolation
 o - a scroll of silence {unknown}
 p - a scroll of holy word {unknown}
 r - 7 scrolls of remove curse
 t - 3 scrolls of recharging
 w - 2 scrolls of fear
 B - 4 scrolls of enchant weapon
 F - a scroll of magic mapping
 G - 5 scrolls of blinking
 I - 3 scrolls of fog
Potions
 d - 4 potions of ambrosia
 n - 3 potions of curing
 q - 3 potions of mutation
 s - 5 potions of brilliance
 z - 2 potions of haste
 D - a potion of agility
 J - a potion of lignification {unknown}
 R - 2 potions of might {unknown}
 S - a potion of berserk rage
 U - a potion of magic {unknown}
 V - a potion of resistance
 Z - a potion of cancellation {unknown}
Miscellaneous
 P - a box of beasts
Comestibles
 c - 5 bread rations
 h - 9 chunks of flesh
 u - 6 meat rations
 x - 6 royal jellies


   Skills:
 + Level 12.2 Fighting
 - Level 15.2 Long Blades
 * Level 17.3(18.7) Axes
 * Level 13.0(16.6) Polearms
 + Level 13.2 Armour
 - Level 2.6 Dodging
 - Level 0.5 Stealth
 * Level 8.6 Shields
 - Level 2.4 Evocations


You had 14 spell levels left.
You didn't know any spells.

Dungeon Overview and Level Annotations

Branches:
Dungeon (11/15)            Temple (0/1) D:6            Lair (6/6) D:8
  Swamp (0/4) Lair:2       Spider (0/4) Lair:4        Slime (0/5) Lair:6
    Orc (2/2) D:9             Elf (1/3) Orc:2

Altars:
Elyvilon
Gozag
Kikubaaqudgha
Makhleb
Okawaru
Yredelemnul
Zin
Beogh
Jiyva

Shops:
D:4 (   D:5 ?%}!(   D:8 *   D:9 ?   D:11 (   Orc:2 :}[[[   Elf:1 (

Annotations:
Elf:1 Nikola


Innate Abilities, Weirdness & Mutations

You reflexively headbutt those who attack you in melee.
You have a pair of horns on your head.
Your body sometimes deteriorates upon taking damage.
You are frail. (-10% HP)


Message History

Nikola casts a spell at you. The bolt of lightning hits you!
There is an open door here.
Nikola casts a spell at you. The bolt of lightning hits you!
* * * LOW HITPOINT WARNING * * *
You are too injured to fight recklessly!
You are too injured to fight recklessly!
A red film seems to cover your vision as you go berserk!
You feel yourself moving faster!
You feel mighty!
You feel a lot more hungry.
Nikola hits you with a rapier of electrocution.
* * * LOW HITPOINT WARNING * * *
Nikola mumbles, "Hm, I wonder if you're conductive."
Nikola mumbles some strange words.
You hear a mighty clap of thunder!
The lightning arc hits you!
* * * LOW HITPOINT WARNING * * *
Your body deteriorates!
You feel weakened.
The lightning arc hits Nikola.
The lightning arc hits you!
You die...

########### . ##.........# .. #
#......)...## ...
######.#.#.#.#...# ....
.##....#.#.#.#))@###########.....
..'.........).).)@.........'.....
..'..#...######()###########.....
.##.....##..#####.## ....
##.....##....## ##.## ...
#...#..'......# ##.#########+ ..
.......'......# ##.#.......##..
#.#....##....## ##'.......###
#.#.######..## #.........#


You could see Nikola.

Vanquished Creatures
  A deep elf sorcerer (Elf:1)
  A deep elf annihilator (Elf:1)
  An ettin (Orc:2)
  A minotaur (Lab)
  5 hydras
  A catoblepas (Lair:4)
  5 two-headed ogres
  2 dancing weapons (Elf:1)
  6 orc high priests
  Urug (Lair:4)
  3 deep elf knights (Elf:1)
  3 deep elf archers (Elf:1)
  8 orc knights
  22 deep elf magi (Elf:1)
  3 cyclopes
  3 orc sorcerers (Orc:2)
  A manticore (D:11)
  An ugly thing (D:11)
  4 black mambas
  10 elephants
  A torpor snail (Lair:6)
  A gargoyle (D:9)
  29 spiny frogs
  2 rime drakes
  A kobold demonologist (D:8)
  7 komodo dragons
  A polar bear (Lair:6)
  2 jumping spiders (Lair:4)
  3 trolls
  4 tyrant leeches (Lair:6)
  33 blink frogs
  Grinder (D:6)
  2 hornets
  12 hippogriffs
  18 dream sheep (Lair:6)
  Prince Ribbit (D:5)
  A shadow (D:11)
  Sigmund (D:5)
  A redback (Lair:4)
  An air elemental (Elf:1)
  A water elemental (Elf:1)
  41 yaks
  A wraith (D:10)
  A wyvern (Lair:3)
  2 basilisks
  4 hungry ghosts (Lab)
  9 vampire mosquitoes
  5 wargs (Orc:1)
  17 water moccasins
  8 porcupines
  49 orc warriors
  6 ice beasts
  A phantom (D:8)
  2 sky beasts
  4 black bears
  10 ogres
  2 necrophages (D:9)
  7 centaurs
  14 wolves
  7 crocodiles
  13 big kobolds
  34 bullfrogs
  An earth elemental (Elf:1)
  5 scorpions
  A water moccasin skeleton (D:11)
  4 killer bees (D:9)
  3 wights (D:9)
  7 howler monkeys
  An electric eel (Lair:6)
  5 crimson imps
  2 bullfrog zombies
  2 jellies (D:10)
  26 orc wizards
  5 hounds
  20 orc priests
  3 iguanas
  5 hell rats (Lair:6)
  Terence (D:2)
  4 worker ants
  3 hound zombies
  A hound skeleton (D:6)
  2 mummies (D:9)
  4 worker ant zombies
  3 gnolls (D:3)
  A howler monkey skeleton (D:8)
  13 adders
  A river rat (D:3)
  4 shadow imps
  An adder zombie (D:7)
  2 adder skeletons
  2 worms (D:3)
  2 dart slugs (D:1)
  7 leopard geckos
  110 orcs
  2 ball pythons
  7 giant cockroaches
  7 goblins
  7 hobgoblins
  4 jackals (D:2)
  3 quokkas
  7 bats
  5 frilled lizards
  A giant cockroach zombie (D:5)
  24 kobolds
  2 quokka skeletons
  9 rats
  2 plants
773 creatures vanquished.

Vanquished Creatures (collateral kills)
  A hydra (Lair:3)
1 creature vanquished.

Vanquished Creatures (others)
  A bush (Lair:6)
  12 fungi
  44 plants
57 creatures vanquished.

Grand Total: 831 creatures vanquished

Notes
Turn   | Place    | Note
-------+----------+-------------------------------------------
     0 | D:1      | Jmtistic the Minotaur Berserker began the quest for the Orb.
     0 | D:1      | Reached XP level 1. HP: 19/19 MP: 0/0
   238 | D:1      | Reached skill level 4 in Axes
   304 | D:1      | Reached XP level 2. HP: 27/27 MP: 1/1
   654 | D:1      | Reached ** piety under Trog
   803 | D:2      | Reached XP level 3. HP: 33/33 MP: 2/2
   807 | D:2      | Noticed Terence
   828 | D:2      | Killed Terence
  1195 | D:3      | Reached XP level 4. HP: 34/41 MP: 3/3
  1466 | D:3      | Reached skill level 5 in Axes
  1788 | D:3      | Found a glowing drain.
  1801 | D:3      | HP: 2/41 [river rat (7)]
  1811 | D:3      | Reached *** piety under Trog
  1832 | D:3      | Reached XP level 5. HP: 39/47 MP: 4/4
  2175 | D:4      | Noticed an ogre
  2184 | D:4      | Killed an ogre
  2184 | D:4      | Reached skill level 6 in Axes
  2184 | D:4      | Reached XP level 6. HP: 55/55 MP: 5/5
  2410 | D:4      | Reached skill level 5 in Fighting
  2830 | D:4      | Found Guca Rarr's Antique Weapon Shop.
  2959 | D:5      | Entered Level 5 of the Dungeon
  3047 | D:5      | Found an iron altar of Okawaru.
  3104 | D:5      | Found Uxza Nur's Antique Weapon Boutique.
  3137 | D:5      | Found Jogimit's Distillery.
  3143 | D:5      | Found Umuma's Food Shop.
  3189 | D:5      | Noticed an ice beast
  3196 | D:5      | Killed an ice beast
  3196 | D:5      | Reached skill level 7 in Axes
  3196 | D:5      | Reached skill level 5 in Armour
  3234 | D:5      | Found an ancient bone altar of Kikubaaqudgha.
  3237 | D:5      | Found Leygg's Magic Scroll Emporium.
  3248 | D:5      | Reached XP level 7. HP: 57/61 MP: 6/6
  3296 | D:5      | Found an opulent altar of Gozag.
  3348 | D:5      | Noticed Sigmund
  3600 | D:6      | Noticed Grinder
  3614 | D:6      | Killed Grinder
  3614 | D:6      | Reached skill level 8 in Axes
  3708 | D:6      | Reached XP level 8. HP: 55/70 MP: 7/7
  3829 | D:6      | Reached skill level 9 in Axes
  4030 | D:6      | Found a staircase to the Ecumenical Temple.
  4132 | D:6      | Found a glowing silver altar of Zin.
  4159 | D:6      | Reached **** piety under Trog
  4517 | D:7      | Noticed a five-headed hydra
  4719 | D:7      | Reached skill level 10 in Axes
  4752 | D:7      | Found a basalt altar of Yredelemnul.
  4880 | D:7      | Found a white marble altar of Elyvilon.
  5147 | D:7      | Noticed a hornet
  5151 | D:7      | Paralysed by a hornet for 3 turns
  5156 | D:7      | Killed a hornet
  5234 | D:7      | Reached skill level 11 in Axes
  5344 | D:8      | Found a staircase to the Lair.
  5387 | D:8      | Reached XP level 9. HP: 78/78 MP: 8/8
  5522 | D:8      | Found Ilokac's Hallowed Reliquary.
  5523 | D:8      | Found a glowing silver altar of Zin.
  5524 | D:8      | Noticed an angel
  5957 | D:8      | Noticed a kobold demonologist
  5960 | D:8      | Noticed a red devil
  6053 | D:8      | You fall through a shaft for 2 floors!
  6053 | D:10     | Entered Level 10 of the Dungeon
  6083 | D:9      | Reached skill level 12 in Axes
  6143 | D:9      | Noticed a troll
  6157 | D:9      | Killed a troll
  6157 | D:9      | Reached skill level 1 in Long Blades
  6286 | D:9      | Found a staircase to the Orcish Mines.
  6500 | D:9      | Noticed a gargoyle
  6515 | D:9      | Killed a gargoyle
  6515 | D:9      | Reached XP level 10. HP: 56/85 MP: 9/9
  6712 | D:9      | Reached ***** piety under Trog
  6886 | D:9      | Found Kafimodi's Magic Scroll Shoppe.
  6899 | D:9      | Got a smoking leather armour
  6910 | D:9      | Identified the +3 leather armour of the Accordion {rF+ rC++} (You found it on level 9 of the Dungeon)
  6925 | D:9      | Bought a scroll of identify for 24 gold pieces
  6925 | D:9      | Bought a scroll of identify for 24 gold pieces
  7116 | D:10     | Found a burning altar of Makhleb.
  7299 | D:10     | Reached skill level 5 in Long Blades
  7302 | D:10     | Reached skill level 13 in Axes
  7467 | D:10     | Paralysed by a hornet for 3 turns
  7479 | D:10     | Paralysed by a hornet for 3 turns
  7882 | D:10     | Noticed a two-headed ogre
  7893 | D:10     | Killed a two-headed ogre
  7899 | D:10     | Reached skill level 10 in Armour
  8549 | D:10     | Noticed a two-headed ogre
  8556 | D:10     | Killed a two-headed ogre
  8556 | D:10     | Reached skill level 14 in Axes
  8556 | D:10     | Reached XP level 11. HP: 94/94 MP: 10/10
  8794 | D:10     | Found a roughly hewn altar of Beogh.
  8804 | D:10     | Received a gift from Trog
  8860 | D:10     | Got a bloodstained great sword {god gift}
  8867 | D:10     | Identified the +6 great sword of Pibyenwi {drain, rF+ rN+ Str+3} (Trog gifted it to you on level 10 of the Dungeon)
  8954 | D:11     | Found Biaqurgh's Weapon Shoppe.
  8996 | D:11     | Noticed a two-headed ogre
  9005 | D:11     | Killed a two-headed ogre
  9020 | D:11     | Noticed a two-headed ogre
  9024 | D:11     | Killed a two-headed ogre
  9279 | D:11     | Found a flagged portal.
  9295 | D:11     | Got a jewelled halberd
  9298 | Bailey   | Entered a bailey
  9300 | Bailey   | Identified the +6 halberd of the Warrior-Mage {holy, rElec} (You found it on level 11 of the Dungeon)
  9690 | Bailey   | Noticed an orc knight
  9701 | Bailey   | Killed an orc knight
  9779 | Bailey   | Noticed an orc knight
  9827 | Bailey   | Killed an orc knight
 11043 | D:11     | Noticed a two-headed ogre
 11051 | D:11     | Killed a two-headed ogre
 11051 | D:11     | Reached skill level 10 in Long Blades
 11146 | D:11     | Noticed a cyan ugly thing
 11153 | D:11     | Killed a cyan ugly thing
 11376 | D:11     | Identified a scroll of acquirement
 11513 | Lair:1   | Entered Level 1 of the Lair of Beasts
 11894 | Lair:1   | Reached XP level 12. HP: 95/105 MP: 11/11
 12027 | Lair:1   | Received a gift from Trog
 13504 | Lair:2   | Found a staircase to the Swamp.
 13512 | Lair:2   | Reached skill level 15 in Axes
 14170 | Lair:3   | Reached skill level 10 in Fighting
 14444 | Lair:3   | Noticed an eight-headed hydra
 14448 | Lair:3   | Found a labyrinth entrance.
 14471 | Lab      | Entered a labyrinth
 15315 | Lab      | Noticed a minotaur
 15331 | Lab      | Killed a minotaur
 15420 | Lab      | Identified the Almanac of the Burning Glacier
 15429 | Lab      | Identified the Grimoire of the Voyage
 15572 | Lair:3   | Killed an 11-headed hydra
 15572 | Lair:3   | Reached skill level 1 in Polearms
 15684 | Lair:3   | Reached XP level 13. HP: 113/113 MP: 12/12
 15764 | Lair:3   | Received a gift from Trog
 15780 | Lair:3   | Reached skill level 1 in Evocations
 16239 | Lair:4   | Noticed Urug
 16255 | Lair:4   | Killed Urug
 16638 | Lair:4   | Reached skill level 15 in Long Blades
 16642 | Lair:4   | Found a hole to the Spider Nest.
 17180 | Lair:4   | Got a crude shield
 17182 | Lair:4   | Identified the +4 shield of Classification {MR+ Str+2 Int+3} (You acquired it on level 4 of the Lair of Beasts)
 17350 | Lair:5   | Reached skill level 1 in Shields
 17658 | Lair:5   | Received a gift from Trog
 18232 | Lair:6   | Entered Level 6 of the Lair of Beasts
 18232 | Lair:6   | Found a staircase to the Slime Pits.
 18232 | Lair:6   | Found a viscous altar of Jiyva.
 18281 | Lair:6   | Reached skill level 5 in Polearms
 18596 | Lair:6   | Received a gift from Trog
 18688 | Lair:6   | Reached XP level 14. HP: 116/122 MP: 14/14
 18803 | Lair:6   | Reached skill level 5 in Shields
 19710 | Lair:6   | Reached skill level 16 in Axes
 19770 | Lair:6   | Reached ****** piety under Trog
 19942 | Lair:6   | Reached skill level 10 in Polearms
 20082 | Lair:6   | Received a gift from Trog
 20240 | Lair:6   | Got a distressingly furry ring mail
 20252 | Lair:6   | Identified the +2 ring mail of the Four Shrikes {rElec rF+ MR- Str+4} (You found it on level 6 of the Lair of Beasts)
 21055 | D:5      | Killed Sigmund
 21080 | D:5      | Bought a scroll of enchant armour for 105 gold pieces
 21216 | D:5      | Noticed Prince Ribbit
 21219 | D:5      | Killed Prince Ribbit
 21344 | D:5      | Found Pibeitwu's Gadget Boutique.
 21579 | D:5      | Bought a royal jelly for 20 gold pieces
 21579 | D:5      | Bought a royal jelly for 20 gold pieces
 21579 | D:5      | Bought a royal jelly for 20 gold pieces
 21579 | D:5      | Bought a royal jelly for 20 gold pieces
 21579 | D:5      | Bought a bread ration for 50 gold pieces
 21673 | Orc:1    | Entered Level 1 of the Orcish Mines
 22156 | Orc:1    | Received a gift from Trog
 22765 | Orc:2    | Entered Level 2 of the Orcish Mines
 22891 | Orc:2    | Found Hamn's Armour Emporium.
 23122 | Orc:2    | Bought a +0 hat for 60 gold pieces
 23447 | Orc:2    | Received a gift from Trog
 23528 | Orc:2    | Reached XP level 15. HP: 130/130 MP: 15/15
 23600 | Orc:2    | Gained mutation: Your body sometimes deteriorates upon taking damage. [a neqoxec]
 23697 | Orc:2    | Gained mutation: You are frail. (-10% HP) [a neqoxec]
 23707 | Orc:2    | Found Odasham's Armour Emporium.
 23707 | Orc:2    | Found Wuusay's Antique Armour Shop.
 23709 | Orc:2    | Found Ufritopa's Book Emporium.
 23709 | Orc:2    | Found Ucvan's Gadget Shop.
 23726 | Orc:2    | Bought a pair of glowing gloves for 270 gold pieces
 23801 | Orc:2    | Found a staircase to the Elven Halls.
 23946 | Orc:2    | Found a roughly hewn altar of Beogh.
 24160 | Elf:1    | Entered Level 1 of the Elven Halls
 24182 | Elf:1    | Received a gift from Trog
 24501 | Elf:1    | Found Collep's Antique Weapon Emporium.
 24999 | Elf:1    | Noticed a deep elf sorcerer
 25008 | Elf:1    | Killed a deep elf sorcerer
 25029 | Elf:1    | Reached skill level 17 in Axes
 25254 | Elf:1    | Noticed Nikola
 25274 | Elf:1    | Killed from afar by Nikola

Skill      XL: |  1  2  3  4  5  6  7  8  9 10 11 12 13 14 15 |
---------------+----------------------------------------------+-----
Axes           | 4 5 6 7 8 11 12 14 15 16 17 | 17.3
Fighting       | 4 5 6 7 8 9 10 11 12 | 12.2
Armour         | 3 4 5 6 7 9 10 11 12 13 | 13.2
Long Blades    | 3 7 11 14 15 | 15.2
Polearms       | 1 7 12 13 | 13.0
Evocations     | 2 |  2.4
Shields        | 4 7 8 |  8.6
Dodging        | |  2.6
Stealth        | |  0.5

Action                   |  1- 3 |  4- 6 |  7- 9 | 10-12 | 13-15 || total
-------------------------+-------+-------+-------+-------+-------++-------
Melee: Hand axe          |    80 |   154 |   236 |   261 |       ||   731
       Headbutt          |     9 |    22 |    47 |   145 |   222 ||   445
       Great sword       |       |       |    51 |   329 |   113 ||   493
       Halberd           |       |       |       |    22 |       ||    22
       Demon trident     |       |       |       |       |   934 ||   934
       Executioner's axe |       |       |       |       |     7 ||     7
       Broad axe         |       |       |       |       |   160 ||   160
Invok: Berserk           |     1 |     3 |     5 |    12 |     6 ||    27
       Trog's Hand       |       |       |     2 |     7 |    21 ||    30
       Burn Spellbooks   |       |       |     1 |     4 |     2 ||     7
       Brothers in Arms  |       |       |       |     1 |       ||     1
Evoke: Wand              |       |       |       |     2 |       ||     2
  Use: Potion            |       |     3 |     1 |     7 |     5 ||    16
       Scroll            |       |     3 |     8 |    15 |    14 ||    40
 Stab: Distracted        |     1 |       |       |       |       ||     1
  Eat: Chunk             |     2 |     4 |     6 |    28 |    33 ||    73
       Bread ration      |       |     1 |     2 |     3 |     2 ||     8
       Fruit             |       |       |       |     2 |     3 ||     5
       Royal jelly       |       |       |       |     1 |     1 ||     2
       Meat ration       |       |       |       |     1 |       ||     1
Armor: Animal skin       |     4 |       |       |       |       ||     4
       Scale mail        |    23 |    33 |       |       |       ||    56
       Chain mail        |       |    32 |    54 |       |       ||    86
       Plate armour      |       |       |   109 |   373 |   460 ||   942
Dodge: Dodged            |    41 |    59 |   105 |   310 |   232 ||   747
Block: Buckler           |       |     4 |    30 |    12 |       ||    46
       Shield            |       |       |       |       |   598 ||   598
       Rpst.: Great sword |       |       |    13 |    47 |    13 ||    73
